 Dungeon Crawl Stone Soup version 0.30-a0-772-g5528072125 (webtiles) character file.

Game seed: 12053531141888545157

648 HoaS the Skirmisher (level 7, -2/53 HPs)
             Began as a Demigod Hunter on Feb 12, 2023.
             Slain by a gnoll
             ... wielding a +0 spear
              (6 damage)
             ... while paralysed by Grinder
             ... on level 5 of the Dungeon.
             The game lasted 00:08:55 (3449 turns).

HoaS the Skirmisher (Demigod Hunter)                Turns: 3449, Time: 00:08:55

Health: -2/53      AC: 14    Str: 12    XL:     7   Next: 6%
Magic:  9/9        EV:  2    Int: 11    God:
Gold:   78         SH:  0    Dex: 25    Spells: 6/6 levels left

rFire   . . .      SeeInvis .    a - +1 shortbow
rCold   . . .      Faith    .    (shield currently unavailable)
rNeg    . . .      Spirit   .    c - +0 leather armour
rPois   .          Reflect  +    u - +2 helmet
rElec   .          Harm     .    (no cloak)
rCorr   .          Rampage  .    k - +0 pair of gloves
Will    .....                    w - +2 pair of boots
Stlth   ++                       o - amulet of reflection
HPRegen 0.28/turn                i - +4 ring of protection
MPRegen 0.11/turn                (no ring)

@: paralysed
A: high MP 1, forlorn, divine attributes
a: no special abilities


You were on level 5 of the Dungeon.
You visited 1 branch of the dungeon, and saw 5 of its levels.

You collected 259 gold pieces.
You spent 181 gold pieces at shops.

Inventory:

Hand Weapons
 a - a +1 shortbow (weapon)
Armour
 c - a +0 leather armour (worn)
 k - a +0 pair of gloves (worn)
 u - a +2 helmet (worn)
 w - a +2 pair of boots (worn)
Jewellery
 i - a +4 ring of protection (left hand)
 o - an amulet of reflection (around neck)
Wands
 n - a wand of polymorph (12)
 r - a wand of iceblast (7)
Scrolls
 b - 4 scrolls of immolation
 f - 2 scrolls of fog
 g - a scroll of teleportation
Potions
 d - 2 potions of ambrosia
 e - a potion of mutation {unknown}
 h - 2 potions of attraction {unknown}
 j - a potion of might {unknown}
 l - 2 potions of heal wounds {unknown}
 m - 3 potions of curing
 p - a potion of berserk rage {unknown}
 q - a potion of cancellation {unknown}
 s - a potion of invisibility {unknown}
 t - a potion of resistance {unknown}


   Skills:
 - Level 1.7 Fighting
 + Level 8.2 Ranged Weapons
 - Level 1.7 Dodging
 - Level 0.8 Stealth


You had 6 spell levels left.
You didn't know any spells.
Your spell library was empty.

Dungeon Overview and Level Annotations

Branches:
Dungeon (5/15)             Temple (0/1) D:4

Shops:
D:3 (   D:4 [   D:5 [

Annotations:
D:5 Grinder


Innate Abilities, Weirdness & Mutations

You have an increased reservoir of magic. (+10% MP)
You shall have no god before yourself.
Your divine heritage dramatically boosts your attributes as you level up.


Message History

Grinder blinks!
You open the door.
There is an open door here.
You shoot an arrow. The arrow closely misses Grinder.
The arrow hits the gnoll.
The gnoll is lightly wounded.
The gnoll hits you but does no damage. Grinder closely misses you.
You shoot an arrow.
The arrow hits Grinder but does no damage.
Grinder is moderately wounded.
The gnoll misses you. You block Grinder's attack.
You shoot an arrow. The arrow hits Grinder.
Grinder is moderately wounded.
Grinder hits you but does no damage. The gnoll closely misses you.
Grinder hits you.
You writhe in agony.
The gnoll hits you from afar with a +0 spear.
You shoot an arrow. The arrow hits Grinder!
Grinder is severely wounded.
The gnoll hits you from afar with a +0 spear.
Grinder blinks!
Grinder says, "FISH!"
You shoot an arrow. The arrow closely misses Grinder.
Grinder gestures at you. Pain shoots through your body!
The gnoll hits you from afar with a +0 spear!
You shoot an arrow. The arrow hits Grinder.
Grinder is severely wounded.
The gnoll hits you but does no damage. Grinder gestures at you.
You suddenly lose the ability to move!
The gnoll hits you from afar with a +0 spear.
Grinder hits you!
* * * LOW HITPOINT WARNING * * *
You writhe in agony.
* * * LOW HITPOINT WARNING * * *
The gnoll hits you from afar with a +0 spear.
* * * LOW HITPOINT WARNING * * *
Grinder gestures at you.
You struggle to resist.
The gnoll hits you from afar with a +0 spear.
You die...

#....##.........###
#####
#####....##............
.....
....................###
#...
..............#.#...#
#...
..............#.#.###
#...
..............#'#.#
#...
......##.######.#..
#...
###.....)######.###
#### #####..#gg'@5∩..+
#.......####.###
#.#####.# #.### # ....
#'## ####### #.§#.##..#
#...... #.##.###.#
#.##### #. #
#.#.#####.# ##
#.#.#.....# #.#....####


You could see Grinder and 2 gnolls.

Vanquished Creatures
  A water moccasin (D:4)
  A phantom (D:5)
  A jelly (D:5)
  3 hounds
  An orc priest (D:3)
  Jessica (D:2)
  Ijyb (D:3)
  Natasha (thrice) (D:3)
  Robin (D:3)
  A gnoll (D:5)
  8 adders
  An ufetubus (D:5)
  5 worms
  6 orcs
  5 ball pythons
  3 bats
  6 endoplasms
  A giant cockroach (D:2)
  12 hobgoblins
  3 quokkas
  5 frilled lizards
  13 goblins
  4 kobolds
  6 rats
92 creatures vanquished.

Vanquished Creatures (others)
  18 fungi (D:5)
  6 plants
24 creatures vanquished.

Grand Total: 116 creatures vanquished

Notes
Turn   | Place    | Note
-------+----------+-------------------------------------------
     0 | D:1      | HoaS the Demigod Hunter began the quest for the Orb.
     0 | D:1      | Reached XP level 1. HP: 17/17 MP: 3/3
   100 | D:1      | Reached skill level 4 in Ranged Weapons
   156 | D:1      | Reached XP level 2. HP: 24/24 MP: 4/4
   612 | D:2      | Reached XP level 3. HP: 24/29 MP: 5/5
   770 | D:2      | Reached skill level 5 in Ranged Weapons
   822 | D:2      | Noticed Jessica
   828 | D:2      | Killed Jessica
   829 | D:2      | Reached XP level 4. HP: 36/36 MP: 6/6
  1448 | D:3      | Noticed Ijyb
  1474 | D:3      | Killed Ijyb
  1552 | D:3      | Noticed Natasha
  1555 | D:3      | Killed Natasha
  1593 | D:3      | Noticed Robin
  1636 | D:3      | Reached skill level 6 in Ranged Weapons
  1675 | D:3      | Reached XP level 5. HP: 41/41 MP: 7/7
  1833 | D:3      | Found Seuxt's Antique Weapon Emporium.
  1838 | D:3      | Killed Robin
  1921 | D:3      | Noticed Natasha
  1925 | D:3      | Killed Natasha
  1979 | D:3      | Noticed Natasha
  1988 | D:3      | Killed Natasha
  2467 | D:4      | Reached skill level 7 in Ranged Weapons
  2467 | D:4      | Reached XP level 6. HP: 48/48 MP: 8/8
  2701 | D:4      | Found a staircase to the Ecumenical Temple.
  2757 | D:4      | Noticed a water moccasin
  2764 | D:4      | Killed a water moccasin
  2952 | D:4      | Found Ticsuw's Armour Shop.
  2960 | D:4      | Bought a +2 pair of boots for 181 gold pieces
  3126 | D:5      | Entered Level 5 of the Dungeon
  3149 | D:5      | Noticed a wyvern
  3197 | D:5      | Reached skill level 8 in Ranged Weapons
  3274 | D:5      | Reached XP level 7. HP: 53/53 MP: 9/9
  3367 | D:5      | Found Tepreetomo's Armour Shoppe.
  3431 | D:5      | Noticed Grinder
  3446 | D:5      | Paralysed by Grinder for 5 turns
  3449 | D:5      | Slain by a gnoll

Illustrated notes

Levels and vault maps discovered:
D:1:      tarquinn_simple_flora_water_d, layout_basic, supply_closet_lemuel,
          serial_bayou_lagoon_a, nicolae_figureground_pulse
D:2:      layout_basic, minmay_pentomino_pile, uniq_jessica
D:3:      layout_basic, serial_shops, shop, serial_forest,
          infiniplex_forest_fountain, infiniplex_forest_lined_3_way,
          infiniplex_forest_corner_1, infiniplex_forest_fountain,
          infiniplex_forest_lined_2, infiniplex_forest_end_1,
          small_statue_intersection, uniq_robin, uniq_ijyb, uniq_natasha
D:4:      layout_gridville, gammafunk_temple_overflow_forgotten,
          minmay_temple_entry_overgrown, serial_shops,
          nicolae_shop_competitors_out_of_business
D:5:      layout_basic, serial_shops, nicolae_shop_bloodbath_and_beyond, shop,
          shop, nicolae_shop_hallway_plus, nicolae_shop_trees,
          serial_bayou_pond_c, dreamdust_mushroom_princess, uniq_grinder

Skill      XL: |  1  2  3  4  5  6 |
---------------+-------------------+-----
Ranged Weapons | 4 5 6 7 8 |  8.2
Fighting       | |  1.7
Dodging        | |  1.7
Stealth        | |  0.8

Action                     |  1- 3 |  4- 6 |  7- 9 || total
---------------------------+-------+-------+-------++-------
  Melee: Unarmed           |     2 |       |       ||     2
   Fire: Shortbow          |   101 |   256 |    34 ||   391
    Use: Scroll            |     1 |     9 |       ||    10
 Armour: Leather armour    |    16 |    35 |     3 ||    54
         Skin              |     1 |       |       ||     1
  Dodge: Dodged            |    45 |    69 |     4 ||   118
  Block: Other             |       |    10 |     1 ||    11

Table legend: (Time is in decaauts)
 A = Elapsed time spent in this place.
 B = Non-inter-level travel time spent in this place.
 C = Inter-level travel time spent in this place.
 D = Time resting spent in this place.
 E = Time spent auto-exploring this place.
 F = Levels seen in this place.
 G = Mean time per level.
                   A        B        C        D        E       F      G
               +--------+--------+--------+--------+--------+-----+--------+
         Total |   3538 |   3444 |     94 |    354 |   2245 |   5 |  707.6 |
       Dungeon |   3538 |   3444 |     94 |    354 |   2245 |   5 |  707.6 |
               +--------+--------+--------+--------+--------+-----+--------+

Top non-repeatable levels by time:
     D:3: 1082 daAuts
     D:2: 845 daAuts
     D:4: 720 daAuts
     D:1: 586 daAuts
     D:5: 304 daAuts
